 Dungeon Crawl Stone Soup version 0.31.0-32-g396128a36d (webtiles) character file.

Game seed: 8416778502911524820

1588 hawla the Arsonist (level 8, -3/41 HPs)
             Began as a Deep Elf Fire Elementalist on Apr 17, 2024.
             Slain by a gnoll sergeant
             ... wielding a +0 trident
              (5 damage)
             ... on level 6 of the Dungeon.
             The game lasted 00:14:30 (6466 turns).

hawla the Arsonist (Deep Elf Fire Elementalist)     Turns: 6466, Time: 00:14:30

Health: -3/41      AC:  4    Str:  5    XL:     8   Next: 61%
Magic:  2/14       EV: 12    Int: 29    God:
Gold:   366        SH:  0    Dex: 15    Spells: 2/13 levels left

rFire   . . .        (no weapon)
rCold   . . .        (no shield)
rNeg    . . .        a - +1 robe
rPois   .            (no helmet)
rElec   .            d - +0 cloak
rCorr   .            (no gloves)
SInv    .            (no boots)
Will    .....        (no amulet)
Stlth   ++           q - +6 ring of intelligence
HPRegen 0.26/turn    (no ring)
MPRegen 0.14/turn

%: no passive effects
@: no status effects
A: no striking features
a: no special abilities


You were on level 6 of the Dungeon.
You visited 1 branch of the dungeon, and saw 6 of its levels.

You collected 366 gold pieces.

Inventory:

Armour
 a - a +1 robe (worn)
 d - a +0 cloak (worn)
Jewellery
 q - a +6 ring of intelligence (left hand)
 r - a +6 ring of intelligence
Scrolls
 b - a scroll of brand weapon
 h - a scroll of immolation {unknown}
 i - a scroll of fog {unknown}
 l - 2 scrolls of teleportation
 m - a scroll of amnesia {unknown}
 n - 2 scrolls of fear {unknown}
 o - 2 scrolls of revelation {unknown}
Potions
 c - 3 potions of ambrosia
 e - 2 potions of attraction {unknown}
 f - 4 potions of curing {unknown}
 g - 2 potions of degeneration {unknown}
 j - 2 potions of magic
 k - a potion of mutation {unknown}
 p - a potion of brilliance {unknown}


   Skills:
 - Level 2.4 Dodging
 - Level 2.4 Stealth
 - Level 3.0 Spellcasting
 + Level 5.1 Conjurations
 - Level 2.5 Translocations
 + Level 10.9 Fire Magic


You had 2 spell levels left.
You knew the following spells:

 Your Spells              Type           Power      Damage    Failure   Level
a - Foxfire               Conj/Fire      100%       2x1d9     1%          1
b - Scorch                Fire           100%       2d9       1%          2
c - Flame Wave            Conj/Fire      50%        2d12      2%          4
d - Iskenderun's Mystic   Conj/Tloc      26%        2d7       16%         4

Your spell library contained the following spells:

 Spells                   Type           Power      Damage    Failure   Level
 Volatile Blastmotes      Fire/Tloc      86%        2d17      1%          3
 Inner Flame              Hex/Fire       36%        N/A       2%          3
 Fulminant Prism          Conj/Alch      9%         3d7       26%         4


Dungeon Overview and Level Annotations

Branches:
Dungeon (6/15)
 Temple: D:4-7

Altars:
Ashenzari
Cheibriados
Gozag
Makhleb
Qazlal
Ru
Sif Muna
Uskayaw
Xom
Yredelemnul


Message History

The flame wave engulfs the adder!!
You kill the adder!
The flame wave engulfs the yak!
The yak is heavily wounded. (Press . to intensify the flame waves.)
The gnoll shouts! x2; The yak bellows!
The gnoll barely misses you.
An ice beast comes into view.
The gnoll closely misses you. The gnoll barely misses you. The yak misses you.
Your Conjurations skill increases to level 5!
A wave of flame ripples out!
The flame wave engulfs the gnoll!!
You kill the gnoll!
The flame wave engulfs the yak!
The yak is almost dead.
The flame wave engulfs the yak!
The yak is moderately wounded.
The flame wave engulfs the gnoll!!
You kill the gnoll!
The flame wave engulfs the gnoll!
You kill the gnoll!
You hear a shout!
You hear an angry hiss.
You hear a shout! x3
Something shouts, "Get thee gone, thou rootless beef-witted vassal!"
An ice beast comes into view.
The yak gores you!
* * * LOW HITPOINT WARNING * * *
A wave of flame ripples out!
The flame wave engulfs the yak!
The yak is heavily wounded.
The flame wave engulfs the yak!
You kill the yak!
The flame wave engulfs the gnoll sergeant!
The gnoll sergeant is moderately wounded.
The flame wave engulfs the gnoll.
The gnoll is lightly wounded.
The flame wave engulfs the gnoll!
The gnoll is severely wounded.
You finish channelling waves of flame.
Something shouts, "Fly, thou peaked common-kissing brigand!"
You hear a shout!
The gnoll sergeant hits you from afar with a +0 trident.
You die...

..#........
###Y#.......####
..........Y....#
...............#
..........((...#
...............#
...............#
......)........#
.....g.@.......# #
.....gY).......# .
..Y.g..))......# ##.
...............## #..
...g............######.#
................##.....#
.........).........###..
...............#..#####.
........#..##....


You could see 2 yaks, 2 ice beasts, a gnoll sergeant and 3 gnolls.

Vanquished Creatures
  A yak (D:6)
  Menkaure (D:5)
  An orc warrior (D:6)
  A black bear (D:5)
  A centaur (D:5)
  2 phantoms
  A scorpion (D:5)
  A howler monkey (D:6)
  4 crimson imps (D:5)
  2 bombardier beetles
  3 jellies
  A hound (D:5)
  An orc priest (D:6)
  A gnoll bouda (D:6)
  3 orc wizards
  A scorpion zombie (D:3)
  5 iguanas
  A hound skeleton (D:3)
  15 gnolls
  9 adders
  An adder skeleton (D:3)
  An adder zombie (D:3)
  A dart slug (D:5)
  3 ribbon worms
  10 orcs
  5 bats
  16 endoplasms
  3 giant cockroaches (D:1)
  10 goblins
  5 hobgoblins
  9 jackals
  3 quokkas
  12 ball pythons
  3 ball python skeletons (D:3)
  A ball python zombie (D:3)
  5 frilled lizards
  13 kobolds
  A quokka skeleton (D:3)
  5 rats
162 creatures vanquished.

Vanquished Creatures (others)
  348 foxfires
348 creatures vanquished.

Grand Total: 510 creatures vanquished

Notes
Turn   | Place    | Note
-------+----------+-------------------------------------------
     0 | D:1      | hawla the Deep Elf Fire Elementalist began the quest for
                  | the Orb.
     0 | D:1      | Reached XP level 1. HP: 10/10 MP: 6/6
   210 | D:1      | Reached skill level 4 in Fire Magic
   210 | D:1      | Reached XP level 2. HP: 15/15 MP: 5/8
  1017 | D:2      | Reached XP level 3. HP: 19/19 MP: 2/9
  1316 | D:2      | Learned a level 2 spell: Scorch
  1370 | D:2      | Reached skill level 5 in Fire Magic
  1624 | D:2      | Reached XP level 4. HP: 18/24 MP: 0/10
  1632 | D:2      | HP: 1/24 [gnoll/+0 spear (10)]
  1906 | D:2      | You fall into a shaft and drop 1 floor!
  1912 | D:3      | Learned a level 4 spell: Flame Wave
  1938 | D:3      | Reached skill level 6 in Fire Magic
  2043 | D:3      | Reached XP level 5. HP: 12/28 MP: 4/11
  2368 | D:2      | Reached skill level 7 in Fire Magic
  2420 | D:2      | Found a hide-covered altar of Uskayaw.
  2420 | D:2      | Found a stormy altar of Qazlal.
  2420 | D:2      | Found a snail-covered altar of Cheibriados.
  2420 | D:2      | Found a basalt altar of Yredelemnul.
  2420 | D:2      | Found a shimmering blue altar of Sif Muna.
  2420 | D:2      | Found an opulent altar of Gozag.
  2867 | D:3      | Found a basalt altar of Yredelemnul.
  2902 | D:3      | Reached XP level 6. HP: 6/32 MP: 5/12
  3825 | D:4      | Reached skill level 8 in Fire Magic
  4080 | D:4      | Found a snail-covered altar of Cheibriados.
  4498 | D:4      | Found a broken altar of Ashenzari.
  4571 | D:5      | Entered Level 5 of the Dungeon
  4576 | D:5      | Reached XP level 7. HP: 36/36 MP: 7/13
  4633 | D:5      | Reached skill level 9 in Fire Magic
  4694 | D:5      | Found a shimmering altar of Xom.
  4978 | D:5      | Found a sacrificial altar of Ru.
  5034 | D:5      | Noticed Menkaure
  5038 | D:5      | Killed Menkaure
  5042 | D:5      | Reached skill level 10 in Fire Magic
  5107 | D:5      | Learned a level 4 spell: Iskenderun's Mystic Blast
  5136 | D:5      | Reached skill level 1 in Translocations
  5151 | D:5      | Reached XP level 8. HP: 41/41 MP: 0/14
  5926 | D:5      | Found an opulent altar of Gozag.
  6067 | D:5      | Found a burning altar of Makhleb.
  6465 | D:6      | Reached skill level 5 in Conjurations
  6465 | D:6      | HP: 2/41 [yak (15)]
  6466 | D:6      | Slain by a gnoll sergeant

Illustrated notes

Levels and vault maps discovered:
D:1:      onia_arrival_mini_spirals, layout_loops_ring, minmay_misc_feat_cross
D:2:      cheibrodos_fertilizer, layout_basic
D:3:      layout_loops_ring, mainiacjoe_overflow_concentric_impassable,
          serial_undead, serial_undead_a, serial_undead_d, serial_undead_b,
          serial_undead_d, serial_undead_d
D:4:      layout_rooms, nicolae_overflow_hidden_temple, lemuel_round_altar
D:5:      layout_loops_ring, lightli_temple_of_fire,
          nicolae_ru_the_path_less_chosen, lemuel_round_altar, led_xom_imps,
          uniq_menkaure
D:6:      layout_basic, old_standard_altar,
          serial_library_hellmonk_angled_corner

Skill      XL: |  1  2  3  4  5  6  7  8 |
---------------+-------------------------+-----
Fire Magic     | 4 5 6 7 8 10 | 10.9
Translocations | 1 2 |  2.5
Conjurations   | 2 5 |  5.1
Dodging        | |  2.4
Stealth        | |  2.4
Spellcasting   | |  3.0

Action                     |  1- 3 |  4- 6 |  7- 9 || total
---------------------------+-------+-------+-------++-------
  Melee: Unarmed           |     6 |     3 |     2 ||    11
   Cast: Foxfire           |    68 |    81 |    54 ||   203
         Scorch            |     6 |    30 |    17 ||    53
         Flame Wave        |       |     6 |     2 ||     8
         Iskenderun's Myst |       |       |    15 ||    15
    Use: Scroll            |     2 |     3 |     2 ||     7
         Potion            |       |     2 |     1 ||     3
 Armour: Robe              |    13 |    17 |    37 ||    67
  Dodge: Dodged            |    20 |    21 |    33 ||    74
